 Dungeon Crawl Stone Soup version 0.27.0-1-g7a08968 (webtiles) character file.

Game seed: 14679569640214955063

4991 Illumine the Basher (level 10, -10/64 HPs)
             Began as a Gargoyle Monk on Sept 6, 2021.
             Was a Priest of Cheibriados.
             Mangled by a death yak simulacrum (27 damage)
             ... in an ice cave on Sept 16, 2021.
             The game lasted 00:14:09 (12293 turns).

Illumine the Basher (Gargoyle Monk)                Turns: 12293, Time: 00:14:10

Health: -10/64     AC: 17    Str: 29    XL:     10   Next: 54%
Magic:  13/13      EV:  8    Int: 20    God:    Cheibriados [***...]
Gold:   491        SH: 18    Dex: 19    Spells: 9/9 levels left

rFire    + . .     SeeInvis .   M - +5 flail (drain)
rCold    . . .     Faith    .   l - +0 tower shield
rNeg     + . .     Spirit   .   L - +1 scale mail {rF+}
rPois    ∞         Reflect  .   h - +0 helmet
rElec    +         Harm     .   (no cloak)
rCorr    .         Rampage  .   (no gloves)
Will     +....                  (no boots)
Stlth    +.........             (no amulet)
HPRegen  0.20/turn              c - +6 ring of strength
MPRegen  0.13/turn              n - ring of willpower

@: very slow
A: sickness immunity, AC +7, negative energy resistance 1, electricity
resistance, torment resistance 1, petrification resistance
a: Renounce Religion, Bend Time, Temporal Distortion


You were in an ice cave.
You worshipped Cheibriados.
Cheibriados was most pleased with you.
You visited 3 branches of the dungeon, and saw 10 of its levels.
You also visited: Ice Cave.

You collected 519 gold pieces.
You spent 28 gold pieces at shops.

Inventory:

Hand Weapons
 y - a +0 hand crossbow
 B - a +0 hunting sling of freezing
 M - a +5 flail of draining (weapon)
Missiles
 A - 32 poisoned darts (quivered)
 C - 186 stones
Armour
 h - a +0 helmet (worn)
 l - a +0 tower shield (worn)
 L - a +1 scale mail of fire resistance (worn)
Jewellery
 a - an amulet of faith
 c - a +6 ring of strength (left hand)
 e - a +6 ring of intelligence
 n - a ring of willpower (right hand)
 s - a +6 ring of intelligence
Wands
 b - a wand of acid (1)
 k - a wand of flame (23)
 r - a wand of iceblast (10)
 F - a wand of paralysis (4)
Scrolls
 d - a scroll of amnesia {unknown}
 f - a scroll of summoning {unknown}
 o - 3 scrolls of vulnerability
 q - a scroll of enchant armour {unknown}
 t - 4 scrolls of teleportation
 u - 2 scrolls of noise
 v - 3 scrolls of enchant weapon
 x - 2 scrolls of magic mapping
 z - a scroll of fog {unknown}
 E - a scroll of identify
Potions
 g - 2 potions of brilliance {unknown}
 i - 2 potions of flight
 j - 4 potions of curing
 m - 4 potions of might
 p - 3 potions of haste {unknown}
 w - 2 potions of lignification {unknown}
 D - a potion of ambrosia {unknown}
 G - 2 potions of mutation {unknown}
 H - 2 potions of attraction {unknown}
 I - a potion of berserk rage {unknown}
 K - 2 potions of magic {unknown}


   Skills:
 + Level 7.9 Fighting
 * Level 9.9 Maces & Flails
 + Level 6.8 Armour
 - Level 3.0 Dodging
 - Level 2.1 Stealth
 + Level 6.6 Shields
 + Level 4.4 Invocations


You had 9 spell levels left.
You didn't know any spells.
Your spell library contained the following spells:

 Spells                   Type           Power      Damage    Failure   Level
 Animate Skeleton         Necr           0%         N/A       99%         1
 Apportation              Tloc           0%         N/A       99%         1
 Corona                   Hex            0%         N/A       99%         1
 Foxfire                  Conj/Fire      0%         2x1d4     99%         1
 Pain                     Necr           0%         1d4       99%         1
 Summon Small Mammal      Summ           0%         N/A       99%         1
 Ensorcelled Hibernation  Hex/Ice        0%         N/A       99%         2
 Static Discharge         Conj/Air       0%         N/A       99%         2
 Wereblood                Tmut           0%         N/A       99%         2
 Call Canine Familiar     Summ           0%         N/A       100%        3
 Conjure Flame            Conj/Fire      0%         6-21      100%        3
 Gell's Gravitas          Tloc           0%         N/A       100%        3
 Inner Flame              Hex/Fire       0%         N/A       100%        3
 Spider Form              Tmut/Pois      0%         N/A       100%        3
 Stone Arrow              Conj/Erth      0%         3d7       100%        3
 Summon Guardian Golem    Hex/Summ       0%         N/A       100%        3
 Teleport Other           Tloc           0%         N/A       100%        3
 Tukima's Dance           Hex            0%         N/A       100%        3
 Animate Armour           Summ/Erth      0%         N/A       100%        4
 Lightning Bolt           Conj/Air       0%         1d11      100%        5
 Dispersal                Tloc           0%         N/A       100%        6
 Shadow Creatures         Summ           N/A        N/A       100%        6
 Lehudib's Crystal Spear  Conj/Erth      0%         10d2      100%        8
 Maxwell's Capacitive Co  Air            0%         ∞         100%        8


Dungeon Overview and Level Annotations

Branches:
Dungeon (8/15)             Temple (1/1) D:7            Lair (1/6) D:8
  IceCv (1/1)

Altars:
Ashenzari
Cheibriados
Elyvilon
Fedhas
Gozag
Hepliaklqana
Kikubaaqudgha
Nemelex Xobeh
Okawaru
Qazlal
Trog
Vehumet
Wu Jian
Xom
Yredelemnul
Zin
The Shining One
Beogh

Shops:
D:6 ?

Annotations:
D:6 3 runed translucent doors, 1n5z's ghost, novice DECj


Innate Abilities, Weirdness & Mutations

You are immune to sickness and miasma.
Your stone body is resilient. (AC +7)
You are immune to poison.
You resist negative energy. (rN+)
You are resistant to electric shocks. (rElec)
You are resistant to unholy torment.
You are immune to petrification.


Message History

You kill the white imp!
Cheibriados appreciates the change of pace.
You start resting.
A white imp comes into view.
A white imp is nearby!
The white imp shouts!
The white imp gestures at you. The puff of frost hits you!
The white imp shouts, "Go and return not, thou canting fen-sucked guttersnipe!"
You closely miss the white imp. The white imp gestures at you.
The puff of frost hits you.
You barely miss the white imp. You block the white imp's attack.
You hit the white imp.
The white imp is lightly wounded.
The white imp hits you but does no damage.
You sock the white imp!
You kill the white imp!
Cheibriados appreciates the change of pace.
You start resting.
HP restored. 3 simulacra come into view.
The cane toad simulacrum hits you. The cane toad simulacrum freezes you!
You hit the cane toad simulacrum but do no damage.
You block the cane toad simulacrum's attack.
You sock the cane toad simulacrum!
The cane toad simulacrum is heavily damaged.
The cane toad simulacrum hits you. The cane toad simulacrum freezes you!
You thump the cane toad simulacrum!
The cane toad simulacrum vaporises!
Cheibriados thoroughly appreciates the change of pace.
You hit the death yak simulacrum.
The death yak simulacrum is lightly damaged.
The death yak simulacrum gores you but does no damage.
You hit the death yak simulacrum but do no damage.
The death yak simulacrum is lightly damaged.
The death yak simulacrum gores you!
* * * LOW HITPOINT WARNING * * *
The death yak simulacrum freezes you!!
You die...

###.## ###.## ##....#
####....####
#...∩.######....##....##
#.∩.....#....#######...#
##..##....########....##
### ##########....####
###.....####
####..###### ###ZZ@.##
##...#### ###..###
#...## #..## ##..# #..#
#..# #...


You could see a death yak simulacrum and a polar bear simulacrum.

Vanquished Creatures
  A cyclops (D:8)
  2 cane toads (Lair:1)
  2 rime drakes (Lair:1)
  2 komodo dragons
  A wyvern (D:5)
  An acid dragon (D:8)
  2 water moccasins
  An orc warrior (D:8)
  2 sky beasts
  2 black bears
  A necrophage (D:6)
  An ogre (D:6)
  4 centaurs
  A phantom (D:6)
  A kobold brigand (D:8)
  4 bullfrogs
  A scorpion (D:6)
  A water moccasin zombie (D:5)
  A cane toad simulacrum (IceCv)
  A water moccasin skeleton (D:4)
  7 wights (D:8)
  2 electric eels (Lair:1)
  2 centaur zombies
  2 jellies
  2 orc priests
  3 iguanas
  A spriggan simulacrum (IceCv)
  2 orc wizards (D:8)
  A hound skeleton (D:4)
  Robin (D:3)
  3 gnolls (D:6)
  6 adders
  A shadow imp (D:6)
  6 white imps
  2 ufetubi (D:5)
  2 dart slugs (D:3)
  11 orcs
  8 ball pythons
  8 endoplasms
  5 giant cockroaches
  17 goblins
  16 hobgoblins
  14 kobolds
  A quokka (D:2)
  3 frilled lizards
  5 rats
163 creatures vanquished.

Vanquished Creatures (others)
  An orc wizard (D:4)
  4 plants
5 creatures vanquished.

Grand Total: 168 creatures vanquished

Notes
Turn   | Place    | Note
-------+----------+-------------------------------------------
     0 | D:1      | Illumine the Gargoyle Monk began the quest for the Orb.
     0 | D:1      | Reached XP level 1. HP: 14/14 MP: 1/1
   360 | D:1      | Reached XP level 2. HP: 19/19 MP: 2/2
   809 | D:1      | Reached XP level 3. HP: 23/23 MP: 3/3
  1276 | D:2      | Reached skill level 4 in Maces & Flails
  1276 | D:2      | Reached XP level 4. HP: 17/29 MP: 4/4
  1653 | D:2      | Found a faded altar of an unknown god.
  1662 | D:2      | Got Plato's Tome of Black Rites
  2549 | D:3      | Found an opulent altar of Gozag.
  3039 | D:3      | Reached XP level 5. HP: 29/33 MP: 5/5
  3185 | D:3      | Noticed Robin
  3195 | D:3      | Killed Robin
  3430 | D:4      | Reached skill level 1 in Armour
  3553 | D:4      | Reached skill level 1 in Shields
  4265 | D:4      | Noticed a water moccasin
  4279 | D:4      | Killed a water moccasin
  4280 | D:4      | Reached skill level 5 in Maces & Flails
  4280 | D:4      | Reached XP level 6. HP: 27/39 MP: 6/6
  4798 | D:4      | Noticed an orc warrior
  4850 | D:5      | Entered Level 5 of the Dungeon
  4892 | D:5      | Found a white marble altar of Elyvilon.
  5027 | D:5      | Reached XP level 7. HP: 33/44 MP: 7/7
  5294 | D:5      | Reached skill level 5 in Fighting
  5669 | D:5      | Reached skill level 6 in Maces & Flails
  5788 | D:5      | Noticed a wyvern
  5793 | D:5      | Killed a wyvern
  6607 | D:4      | Reached XP level 8. HP: 49/50 MP: 8/8
  7216 | D:6      | Found Zyarunia's Magic Scroll Shoppe.
  7220 | D:6      | Bought a scroll of identify for 28 gold pieces
  7234 | D:6      | Found a hazy altar of Hepliaklqana.
  7485 | D:6      | Reached skill level 7 in Maces & Flails
  7833 | D:6      | Found a radiant altar of Vehumet.
  8054 | D:6      | Found a runed translucent gate.
  8054 | D:6      | Found a runed translucent gate.
  8054 | D:6      | Found a runed translucent gate.
  8057 | D:6      | Noticed 1n5z's ghost (novice DECj)
  8062 | D:6      | Found the +0 pair of fencer's gloves {Riposte Dex+3}
  8604 | D:7      | Noticed a boulder beetle
  8950 | D:7      | Found a staircase to the Ecumenical Temple.
  8960 | Temple   | Entered the Ecumenical Temple
  9054 | Temple   | Became a worshipper of Cheibriados the Contemplative
  9054 | Temple   | Reached * piety under Cheibriados
  9054 | Temple   | Reached ** piety under Cheibriados
  9077 | D:7      | Reached XP level 9. HP: 49/56 MP: 9/9
  9251 | D:7      | Reached skill level 8 in Maces & Flails
  9251 | D:7      | Reached skill level 5 in Armour
  9251 | D:7      | Reached skill level 1 in Invocations
  9750 | D:8      | Reached skill level 5 in Shields
  9823 | D:8      | Noticed a komodo dragon
 10000 | D:7      | Killed a komodo dragon
 10541 | D:8      | Noticed a cyclops
 10565 | D:8      | Killed a cyclops
 10566 | D:8      | Reached skill level 9 in Maces & Flails
 10766 | D:8      | Found a staircase to the Lair.
 10818 | D:8      | Got Hyho's Disquisition on Ensnaring Transformation
 10987 | D:8      | Found a bloodstained altar of Trog.
 11038 | D:8      | Reached XP level 10. HP: 51/63 MP: 12/12
 11058 | D:8      | HP: 1/63 [wight (8)]
 11063 | D:8      | Reached *** piety under Cheibriados
 11548 | Lair:1   | Entered Level 1 of the Lair of Beasts
 11592 | Lair:1   | Noticed a cane toad
 11601 | Lair:1   | Killed a cane toad
 12052 | Lair:1   | Noticed a cane toad
 12057 | Lair:1   | Killed a cane toad
 12085 | Lair:1   | Found a frozen archway.
 12091 | IceCv    | Entered an ice cave
 12293 | IceCv    | Mangled by a death yak simulacrum

Illustrated notes

Levels and vault maps discovered:
D:1:      dpeg_arrival_tiny_i, layout_basic
D:2:      layout_basic, shapermc_ecumenical_altar_rom_forum
D:3:      layout_basic, nicolae_gozag_cash_rules_everything_around_me,
          uniq_robin
D:4:      layout_layer_cave
D:5:      layout_cave_pods, nicolae_elyvilon_peaceful_grove
D:6:      corexii_shack_village, layout_loops_ring,
          nicolae_hepliaklqana_hazy_memory, nicolae_vehumet_altar_sigil,
          biasface_ghost_orc_armoury, serial_shops, nicolae_shop_behind_doors
D:7:      layout_rooms, minmay_temple_entry_stoned_glass
D:8:      layout_loops_ring, kennysheep_little_box, david_lair_shrubbed
Temple:   eino_temple_rhombus
Lair:1:   layout_regular_city, portal_ice_cave_rime, serial_bayou_shore_a
IceCv:    ice_cave_caverns_01

Skill      XL: |  1  2  3  4  5  6  7  8  9 10 |
---------------+-------------------------------+-----
Maces & Flails | 4 5 6 7 9 |  9.9
Fighting       | 4 5 6 7 |  7.9
Dodging        | 3 |  3.0
Armour         | 2 3 4 6 |  6.8
Shields        | 1 2 3 4 5 6 |  6.6
Invocations    | 3 4 |  4.4
Stealth        | |  2.1

Action                   |  1- 3 |  4- 6 |  7- 9 | 10-12 || total
-------------------------+-------+-------+-------+-------++-------
Melee: Mace              |    87 |   191 |   347 |       ||   625
       Flail             |       |       |    36 |    77 ||   113
 Fire: Hunting sling     |       |       |     3 |       ||     3
Throw: Dart              |       |       |    11 |     1 ||    12
Invok: Bend Time         |       |       |     2 |       ||     2
Evoke: Wand              |       |     1 |    16 |     1 ||    18
  Use: Scroll            |       |       |     7 |     3 ||    10
       Potion            |       |       |     2 |     1 ||     3
 Stab: Sleeping          |     5 |       |       |       ||     5
       Paralysed         |       |       |     7 |       ||     7
Armor: Robe              |    20 |     2 |       |       ||    22
       Chain mail        |       |   146 |   190 |       ||   336
       Scale mail        |       |       |    56 |    15 ||    71
Dodge: Dodged            |    66 |    82 |   160 |     9 ||   317
Block: Tower shield      |       |       |   129 |    51 ||   180
